 Dungeon Crawl Stone Soup version 0.29-a0-323-g050149af67 (webtiles) character file.

Game seed: 17987563478123703606

198 spaghetti the Bolt Thrower (level 5, -2/61 HPs)
             Began as a Demigod Hunter on Apr 10, 2022.
             Slain by Edmund
             ... wielding a +4 vorpal dire flail
              (11 damage)
             ... on level 4 of the Dungeon.
             The game lasted 00:04:09 (2204 turns).

spaghetti the Bolt Thrower (Demigod Hunter)         Turns: 2204, Time: 00:04:10

Health: -2/61      AC: 22    Str: 12    XL:     5   Next: 23%
Magic:  0/16       EV:  2    Int: 17    God:
Gold:   66         SH:  0    Dex: 21    Spells: 4/4 levels left

rFire   . . .      SeeInvis .   b - +2 mace (vorpal) {mace}
rCold   . . .      Faith    .   (no shield)
rNeg    . . .      Spirit   +   (body armour currently unavailable)
rPois   +          Reflect  .   (helmet currently unavailable)
rElec   .          Harm     .   (cloak currently unavailable)
rCorr   .          Rampage  .   (gloves currently unavailable)
Will    .....      NoTele   +   (boots currently unavailable)
Stlth   ++........              o - amulet of guardian spirit
HPRegen 0.20/turn               f - +6 ring of intelligence
MPRegen 0.15/turn               p - ring of magical power

@: tree-form, unable to read
A: stationary, stasis, torment immunity, boosted hp, high MP 1, forlorn, divine
attributes, inability to read while threatened
a: no special abilities


You were on level 4 of the Dungeon.
You were a tree.
You visited 1 branch of the dungeon, and saw 4 of its levels.

You collected 66 gold pieces.


Innate Abilities, Weirdness & Mutations

You are a tree.
Your roots penetrate the ground, keeping you stationary.
You cannot be teleported.
You are immune to unholy pain and torment.
Your maximum health is greatly increased.
Your equipment is partially melded.
You have an increased reservoir of magic. (+10% MP)
You shall have no god before yourself.
Your divine heritage dramatically boosts your attributes as you level up.
You sometimes lose the ability to read scrolls when taking damage.


   Skills:
 - Level 1.7 Fighting
 + Level 6.2 Crossbows
 - Level 1.7 Dodging
 - Level 0.8 Stealth


You had 4 spell levels left.
You didn't know any spells.
Your spell library contained the following spells:

 Spells                   Type           Power      Damage    Failure   Level
 Gell's Gravitas          Tloc           0%         N/A       56%         3
 Lesser Beckoning         Tloc           0%         N/A       56%         3
 Teleport Other           Tloc           0%         N/A       56%         3

Inventory:

Hand Weapons
 a - a +1 hand crossbow {crossbow}
 b - a +2 vorpal mace (weapon) {mace}
   (You found it on level 3 of the Dungeon)
 j - a +0 whip {mace}
   (You found it on level 3 of the Dungeon)
Missiles
 d - 82 stones {throwing}
 i - 3 javelins {throwing}
Armour
 e - a +0 leather armour (melded)
 l - a +0 helmet (melded)
   (You found it on level 3 of the Dungeon)
Jewellery
 f - a +6 ring of intelligence (left branch)
   (You found it on level 1 of the Dungeon)
 m - an amulet of reflection
   (You found it on level 3 of the Dungeon)
 o - an amulet of guardian spirit (around neck)
   (You found it on level 3 of the Dungeon)
 p - a ring of magical power (right branch)
   (You found it on level 3 of the Dungeon)
 r - an amulet of the acrobat
   (You found it on level 3 of the Dungeon)
Scrolls
 c - 4 scrolls of immolation {!r!r}
 g - 3 scrolls of identify {unknown}
Potions
 h - a potion of haste {unknown}
 k - a potion of brilliance {unknown}
 n - 3 potions of heal wounds {unknown}

Dungeon Overview and Level Annotations

Branches:
Dungeon (4/15)
 Temple: D:4-7

Annotations:
D:2 Terence
D:4 Edmund

#########
######........
#.♣.......#
#@####....#
#.#####.#.#####.#
#...............#
#..####.#.######.≈
#. #.#.#####≈≈≈ ..
##.#.....).≈≈ #.
#...<)......≈
##.##)###...≈.


You could see Edmund.


Message History

😕 HP[+2] MP[+3]
You regained 2 hp, and now have 36/41 hp.
Your mp is fully restored (16).
You start resting. 😎 HP[+5]
Your hp is fully restored (41).
You climb downwards.
The orc completely misses you.
There is a stone staircase leading up here.
You sock the orc!
You kill the orc!
The orc priest mumbles some strange prayers to Beogh against you.
Beogh smites you! 😕 HP[-9] MP[-3]
You take 9 damage, and now have 32/41 hp.
MASSIVE DAMAGE!! (PAUSE)
You lost 3 mp, and now have 13/16 mp.
You climb upwards.
There is a stone staircase leading down here.
You start resting. 😕 HP[+3] MP[+3]
You regained 3 hp, and now have 35/41 hp.
Your mp is fully restored (16).
You climb downwards.
The orc priest barely misses you.
There is a stone staircase leading up here.
You hit the orc priest.
The orc priest hits you with a +0 hand axe. x2
You feel threatened and lose the ability to read scrolls! 😕 HP[-3] MP[-1]
You take 3 damage, and now have 32/41 hp.
You lost 1 mp, and now have 15/16 mp.
You sock the orc priest!
You kill the orc priest!
You can read scrolls again.
You start resting. 😕 HP[+1] MP[+1]
Your mp is fully restored (16).
a - a +1 hand crossbow (weapon)
{crossbow} You see here a +0 hand axe {axe}.
Things that are here:
a +0 dagger {short}; an orc corpse; 😎 HP[+8]
Your hp is fully restored (41).
Things that are here:
a +0 dagger {short}; an orc corpse
There is a stone staircase leading up, spattered with blood here.
Edmund the Younger comes into view.
He is wielding a +4 vorpal dire flail.
You shoot a bolt.
The bolt hits Edmund but does no damage.
Edmund shouts!
You shoot a bolt. The bolt barely misses Edmund.
Edmund says, "You wouldn't believe how much I paid for this flail."
You shoot a bolt.
The bolt hits Edmund but does no damage.
You shoot a bolt. The bolt hits Edmund.
b - a +2 vorpal mace (weapon)
{mace} You hit Edmund.
Edmund closely misses you.
You hit Edmund.
Edmund gestures with his flail.
Edmund hits you with a +4 vorpal dire flail.
Edmund barely misses you. 😕 HP[-4] MP[-3]
You take 4 damage, and now have 37/41 hp.
You lost 3 mp, and now have 13/16 mp.
You hit Edmund.
Edmund hits you with a +4 vorpal dire flail! 😮 HP[-7] MP[-2]
You take 7 damage, and now have 30/41 hp.
You lost 2 mp, and now have 11/16 mp.
You closely miss Edmund. Edmund misses you. Edmund closely misses you.
You hit Edmund but do no damage.
Edmund hits you with a +4 vorpal dire flail. 😮 HP[-2] MP[-1]
You take 2 damage, and now have 28/41 hp.
You lost 1 mp, and now have 10/16 mp.
You hit Edmund.
Edmund hits you with a +4 vorpal dire flail!
You feel threatened and lose the ability to read scrolls!
* * * LOW HITPOINT WARNING * * *
x2 😨 HP[-15] MP[-4]
You take 15 damage, and now have 13/41 hp.
MASSIVE DAMAGE!! (PAUSE)
You lost 4 mp, and now have 6/16 mp.
It was a potion of lignification.
You turn into a tree.
Your +0 helmet melds into your body.
Your +0 leather armour melds into your body.
Your roots penetrate the ground.
Edmund hits you but does no damage. 😨 HP[+7] MP[+1]
You now have 61 max hp (+20).
You regained 7 hp, and now have 20/61 hp.
You closely miss Edmund.
Edmund hits you with a +4 vorpal dire flail!
* * * LOW HITPOINT WARNING * * *
x2 Edmund hits you with a +4 vorpal dire flail.
* * * LOW HITPOINT WARNING * * *
x2 😱 HP[-16] MP[-5]
You take 16 damage, and now have 4/61 hp.
MASSIVE DAMAGE!! (PAUSE)
You lost 5 mp, and now have 2/16 mp.
You feel better.
Edmund hits you with a +4 vorpal dire flail!
You die...

Skill      XL: |  1  2  3  4 |
---------------+-------------+-----
Crossbows      | 4 5 6 |  6.2
Fighting       | |  1.7
Dodging        | |  1.7
Stealth        | |  0.8

Action                   |  1- 3 |  4- 6 || total
-------------------------+-------+-------++-------
Melee: Unarmed           |     7 |       ||     7
       Mace              |     3 |    37 ||    40
 Fire: Hand crossbow     |    92 |    33 ||   125
  Use: Potion            |     2 |     2 ||     4
Armor: Leather armour    |    14 |    16 ||    30
       Skin              |       |     1 ||     1
Dodge: Dodged            |    35 |    47 ||    82
Block: Other             |       |     2 ||     2

Levels and vault maps discovered:
D:1:      scummos_arrival_star, layout_loops_cross,
          ebering_ecumenical_altar_abandoned
D:2:      layout_loops_ring, serial_aquarium, aquarium_bridge_square
          [aquarium_subvault_wall, aquarium_subvault_bridge,
          aquarium_subvault_wall, aquarium_subvault_bridge], aquarium_window_2,
          aquarium_window_corner, aquarium_view_2a, aquarium_balcony_3b,
          aquarium_pool_corner, minmay_split_cup_large, uniq_terence
D:3:      layout_basic, minmay_misc_feat_iff, minmay_misc_feat_roman
D:4:      layout_loops_ring, lemuel_crystal_altar, serial_rivers,
          chequers_serial_rivers_micro_e, chequers_serial_rivers_micro_a,
          chequers_serial_rivers_micro_e, chequers_serial_rivers_micro_a,
          uniq_edmund, uniq_sigmund, uniq_crazy_yiuf_cottage

Notes
Turn   | Place    | Note
-------+----------+-------------------------------------------
     0 | D:1      | spaghetti the Demigod Hunter began the quest for the Orb.
     0 | D:1      | Reached XP level 1. HP: 17/17 MP: 3/3
     0 | D:1      | magus.rc [v1.9.6]
    42 | D:1      | Reached skill level 4 in Crossbows
    94 | D:1      | Reached XP level 2. HP: 24/24 MP: 4/4
   612 | D:2      | Reached XP level 3. HP: 15/29 MP: 5/5
   984 | D:2      | Noticed Terence
   986 | D:2      | Gained mutation: You are frail. (-10% HP) [potion of
                  | mutation]
   986 | D:2      | Lost mutation: You are frail. (-10% HP) [potion of
                  | mutation]
   986 | D:2      | Gained mutation: You sometimes lose the ability to read
                  | scrolls when taking damage. [potion of mutation]
  1037 | D:3      | Reached skill level 5 in Crossbows
  1041 | D:3      | You pick up a book of Displacement and begin reading...
  1041 | D:3      | You add the spells Lesser Beckoning, Gell's Gravitas and
                  | Teleport Other to your library.
  1469 | D:3      | Reached XP level 4. HP: 33/36 MP: 6/6
  1835 | D:3      | Reached skill level 6 in Crossbows
  2023 | D:3      | Reached XP level 5. HP: 36/41 MP: 7/7
  2190 | D:4      | Noticed Edmund
  2203 | D:4      | HP: 9/61 [Edmund/+4 vorpal dire flail (11)]
  2203 | D:4      | HP: 4/61 [Edmund/+4 vorpal dire flail (1)]
  2204 | D:4      | Slain by Edmund

Vanquished Creatures
  2 orc priests
  An iguana (D:3)
  5 adders
  An ufetubus (D:3)
  A dart slug (D:1)
  7 orcs
  6 ball pythons
  3 endoplasms
  4 giant cockroaches
  5 goblins
  4 hobgoblins
  3 jackals (D:3)
  4 bats
  2 frilled lizards (D:1)
  4 kobolds
  7 rats
59 creatures vanquished.

Table legend:
 A = Non-vault XP
 B = Vault XP
 C = Vault XP percentage of total XP
 D = Non-vault monster count
 E = Vault monster count
 F = Vault count percentage of total count
                 A         B        C        D         E       F
            +---------+---------+-------+---------+---------+-------
      Total |     284 |       0 |   0.0 |      59 |       0 |   0.0
            +---------+---------+-------+---------+---------+-------
        D:1 |      37 |       0 |   0.0 |      22 |       0 |   0.0
        D:2 |      36 |       0 |   0.0 |       7 |       0 |   0.0
        D:3 |     170 |       0 |   0.0 |      28 |       0 |   0.0
        D:4 |      41 |       0 |   0.0 |       2 |       0 |   0.0
            +---------+---------+-------+---------+---------+-------

Illustrated notes

Table legend:
 A = Kills in this place as a percentage of kills in entire the game.
 B = Kills by you in this place as a percentage of kills by you in the entire game.
 C = Kills by friends in this place as a percentage of kills by friends in the entire game.
 D = Other kills in this place as a percentage of other kills in the entire game.
 E = Experience gained in this place as a percentage of experience gained in the entire game.
 F = Experience gained in this place divided by the number of levels of this place that you have seen.
                   A       B       C       D       E      F
               +-------+-------+-------+-------+-------+----------------------
         Total | 100.0 | 100.0 |   N/A |   N/A | 100.0 |  71.0
       Dungeon | 100.0 | 100.0 |   N/A |   N/A | 100.0 |  71.0
               +-------+-------+-------+-------+-------+----------------------

Table legend: (Time is in decaauts)
 A = Elapsed time spent in this place.
 B = Non-inter-level travel time spent in this place.
 C = Inter-level travel time spent in this place.
 D = Time resting spent in this place.
 E = Time spent auto-exploring this place.
 F = Levels seen in this place.
 G = Mean time per level.
                   A        B        C        D        E       F      G
               +--------+--------+--------+--------+--------+-----+--------+
         Total |   2251 |   2225 |     26 |    538 |   1323 |   4 |  562.8 |
       Dungeon |   2251 |   2225 |     26 |    538 |   1323 |   4 |  562.8 |
               +--------+--------+--------+--------+--------+-----+--------+

Top non-repeatable levels by time:
     D:3: 1130 daAuts
     D:1: 550 daAuts
     D:2: 458 daAuts
     D:4: 112 daAuts
